 Dungeon Crawl Stone Soup version 0.30-a0-377-g5cb311bc9f (webtiles) character file.

Game seed: 9777203277775400268

56 sanka the Stinger (level 3, -1/28 HPs)
             Began as a Naga Venom Mage on Nov 27, 2022.
             Slain by an adder (3 damage)
             ... on level 3 of the Dungeon.
             The game lasted 00:04:27 (2894 turns).

sanka the Stinger (Naga Venom Mage)                 Turns: 2894, Time: 00:04:27

Health: -1/28      AC:  2    Str: 10    XL:     3   Next: 95%
Magic:  1/6        EV:  9    Int: 17    God:
Gold:   46         SH:  0    Dex: 11    Spells: 0/6 levels left

rFire   . . .      SeeInvis +    k - +2 short sword (vamp)
rCold   . . .      Faith    .    (no shield)
rNeg    . . .      Spirit   .    a - +0 robe
rPois   +          Reflect  .    (no helmet)
rElec   .          Harm     .    (no cloak)
rCorr   .          Rampage  .    (no gloves)
Will    .....                    (no barding)
Stlth   ++........               (no amulet)
HPRegen 0.24/turn                (no ring)
MPRegen 0.10/turn                (no ring)

@: very slow
A: AC +1, large, see invisible, deformed body, poison resistance, slowness 2,
spit poison 1, naga tail 1
a: Spit Poison


You were on level 3 of the Dungeon.
You visited 1 branch of the dungeon, and saw 3 of its levels.

You collected 46 gold pieces.


Innate Abilities, Weirdness & Mutations

Your serpentine skin is tough. (AC +1)
You have supernaturally acute eyesight. (SInv)
Armour fits poorly on your strangely shaped body.
Your system is resistant to poisons. (rPois)
You cover ground very slowly.
You can spit poison.
You have a snake-like lower body.


   Skills:
 - Level 1.5 Dodging
 - Level 3.0 Stealth
 - Level 2.0 Spellcasting
 - Level 2.0 Transmutations
 + Level 1.6 Air Magic
 + Level 5.1 Poison Magic


You couldn't memorise any spells.
You knew the following spells:

 Your Spells              Type           Power      Damage    Failure   Level
c - Mephitic Cloud        Conj/Pois/Air  9%         N/A       22%         3
y - Poisonous Vapours     Pois/Air       26%        N/A       8%          2
z - Sting                 Tmut/Pois      52%        1d5       4%          1

Your spell library contained the following spells:

 Spells                   Type           Power      Damage    Failure   Level
 Necrotise                Necr           4%         1d4       19%         1
 Summon Small Mammal      Summ           4%         N/A       19%         1
 Olgreb's Toxic Radiance  Pois           19%        N/A       22%         4
 Call Canine Familiar     Summ           1%         N/A       50%         3
 Summon Guardian Golem    Hex/Summ       1%         N/A       50%         3
 Vampiric Draining        Necr           1%         2d6       50%         3
 Agony                    Necr           1%         N/A       99%         5

Inventory:

Hand Weapons
 k - a +2 vampiric short sword (weapon)
Armour
 a - a +0 robe (worn)
Scrolls
 e - a scroll of noise {unknown}
 f - a scroll of enchant armour {unknown}
 g - a scroll of immolation {unknown}
 m - a scroll of summoning {unknown}
 n - a scroll of amnesia {unknown}
Potions
 b - a potion of magic
 c - 4 potions of haste {unknown}
 d - 2 potions of mutation {unknown}
 h - a potion of flight {unknown}
 i - a potion of curing {unknown}
 j - a potion of degeneration {unknown}
 l - a potion of berserk rage {unknown}

Dungeon Overview and Level Annotations

Branches:
Dungeon (3/15)

Altars:

! ▒▒▒▒▒▒▒
..▒▒...>.▒▒
..........▒▒
......g.<..▒
......SN...▒
...........▒
...........▒
...........▒
...........▒
........<.▒▒
..▒▒.....▒▒
▒▒ ▒▒▒▒▒▒▒


You could see an adder (poisoned) and a goblin.


Message History

The goblin hits you with a +0 dagger.
* * * LOW HITPOINT WARNING * * *
The adder bites you.
* * * LOW HITPOINT WARNING * * *
Unknown command.
You miss the adder.
The adder is severely wounded.
The goblin hits you with a +0 dagger.
* * * LOW HITPOINT WARNING * * *
The adder barely misses you.
Unknown command.
You barely miss the adder.
The adder is severely wounded.
The adder barely misses you. The goblin hits you with a +0 dagger.
* * * LOW HITPOINT WARNING * * *
Unknown command.
You barely miss the adder.
The adder is severely wounded.
The adder closely misses you. The goblin hits you with a +0 dagger.
* * * LOW HITPOINT WARNING * * *
The adder barely misses you.
Unknown command.
Unknown command.
You hit the adder but do no damage.
The adder is severely wounded.
The goblin hits you but does no damage. The adder bites you.
You die...

Action                   || total
-------------------------++-------
Melee: Unarmed           ||    46
       Short sword       ||    21
 Cast: Sting             ||    22
       Poisonous Vapours ||    39
 Abil: Spit Poison       ||    15
Armor: Robe              ||    30
Dodge: Dodged            ||    50

Levels and vault maps discovered:
D:1:      dpeg_arrival_round_b, layout_basic
D:2:      wad_lake_hut, layout_basic, hellmonk_ecumenical_altar_arch_garden
D:3:      layout_rooms, chequers_serial_rivers_micro_d, minmay_ruptured,
          uniq_natasha

Notes
Turn   | Place    | Note
-------+----------+-------------------------------------------
     0 | D:1      | sanka the Naga Venom Mage began the quest for the Orb.
     0 | D:1      | Reached XP level 1. HP: 15/15 MP: 3/3
   399 | D:1      | Reached XP level 2. HP: 22/22 MP: 5/5
   487 | D:1      | Learned a level 2 spell: Poisonous Vapours
  1335 | D:1      | Reached skill level 2 in Transmutations
  1335 | D:1      | Reached XP level 3. HP: 28/28 MP: 3/6
  1390 | D:1      | Learned a level 3 spell: Mephitic Cloud
  1695 | D:2      | Reached skill level 1 in Air Magic
  2495 | D:2      | Reached skill level 5 in Poison Magic
  2607 | D:2      | Found a faded altar of an unknown god.
  2893 | D:3      | HP: 2/28 [goblin/+0 dagger (1)]
  2894 | D:3      | Slain by an adder

Vanquished Creatures
  An adder (D:2)
  2 worms (D:2)
  5 ball pythons
  8 bats
  5 endoplasms
  A hobgoblin (D:2)
  3 quokkas
  5 frilled lizards
  A goblin (D:2)
  7 kobolds
  4 rats (D:1)
42 creatures vanquished.
